 Dungeon Crawl Stone Soup version 0.26.1-2-gb8aa6d0cf2 (webtiles) character file.

Game seed: 17789320963722198636

41 Gabide the Sneak (level 3, -3/42 HPs)
             Began as a Human Brigand on Feb 19, 2021.
             Slain by a goblin (5 damage)
             ... led by Robin
             ... on level 1 of the Dungeon.
             The game lasted 00:04:07 (1510 turns).

Gabide the Sneak (Human Brigand)                    Turns: 1510, Time: 00:04:08

Health: -3/42      AC: 21    Str: 12    XL:     3   Next: 75%
Magic:  3/3        EV:  2    Int: 11    God:
Gold:   0          SH:  0    Dex: 14    Spells: 2/2 levels left

rFire    . . .     SeeInvis .   a - +2 dagger
rCold    . . .     Faith    .   (no shield)
rNeg     + + +     Spirit   .   (armour currently unavailable)
rPois    +         Reflect  .   (helmet currently unavailable)
rElec    .         Harm     .   (cloak currently unavailable)
rCorr    .         Rampage  .   (gloves currently unavailable)
Will     .....     NoTele   +   (boots currently unavailable)
Stlth    +++.......             (no amulet)
HPRegen  0.14/turn              (no ring)
MPRegen  0.08/turn              (no ring)

@: tree-form
A: no striking features
a: no special abilities


You were on level 1 of the Dungeon.
You were a tree.
You visited 1 branch of the dungeon, and saw 2 of its levels.

Inventory:

Hand Weapons
 a - a +2 dagger (weapon)
Missiles
 e - 2 curare-tipped darts (quivered)
Armour
 b - a +0 robe (melded)
 c - a +0 cloak (melded)
 h - a +1 crystal plate armour
Jewellery
 j - an uncursed ring of flight {unknown}
Scrolls
 k - a scroll of remove curse
Potions
 f - a potion of lignification
 g - a potion of resistance {unknown}
 i - a potion of magic {unknown}


   Skills:
 + Level 2.3 Fighting
 + Level 2.2 Short Blades
 + Level 2.5 Throwing
 * Level 0.3 Armour
 + Level 1.1 Dodging
 - Level 4.6 Stealth


You had 2 spell levels left.
You didn't know any spells.
Your spell library was empty.

Dungeon Overview and Level Annotations

Branches:
Dungeon (2/15)

Altars:

Annotations:
D:2 Robin


Message History

You throw a poisoned dart. The poisoned dart hits the goblin.
The goblin barely misses you.
Throw: 2 darts (poison)
Press: ? - help, Q - select action, (/) - cycle Shift-Dir - straight line, f/p - goblin
Aim: a goblin (strong, 53% to hit)
You throw a poisoned dart.
The poisoned dart barely misses the goblin.
The goblin hits you.
* * * LOW HITPOINT WARNING * * *
Throw: dart (poison)
Press: ? - help, Q - select action, (/) - cycle Shift-Dir - straight line, f/p - goblin
Aim: a goblin (strong, 53% to hit)
You throw a poisoned dart. The poisoned dart hits the goblin.
The goblin is poisoned.
The goblin hits you.
* * * LOW HITPOINT WARNING * * *
It was a potion of lignification.
You turn into a tree.
Your +0 cloak melds into your body.
Your +0 robe melds into your body.
Your roots penetrate the ground.
The goblin hits you.
You die...

#.#.[.......#.# #.##++###''##.#
#.#.........#.#
##########.............#########
#...............(...#...........
#.###########.#####.#.##########
#.##...........g# #.#.#.........
#.##.########>#g# #.#.#.########
##.##.# #g#♣# #.#.#.# # ....#.#
#.#.# #.#.#.# # ....#.# #.#.#
#.#.#.# # ....#.# #.#.# #.#.#.# #
....#.# #.#.###.#.#.########
....#.# #.#.....#.#.........
....#.########.#######.##########
....#...†....#.........#.........
##'#####################.########


You could see a hobgoblin (strong) and a goblin (strong, poisoned).

Vanquished Creatures
  A gnoll (D:1)
  A dart slug (D:1)
  A leopard gecko (D:1)
  A bat (D:1)
  5 goblins (D:1)
  3 hobgoblins
  3 jackals (D:1)
  3 frilled lizards (D:1)
  6 kobolds (D:1)
  2 rats (D:1)
26 creatures vanquished.

Notes
Turn   | Place    | Note
-------+----------+-------------------------------------------
     0 | D:1      | Gabide the Human Brigand began the quest for the Orb.
     0 | D:1      | Reached XP level 1. HP: 16/16 MP: 1/1
   174 | D:1      | Reached XP level 2. HP: 22/22 MP: 2/2
   699 | D:1      | Reached XP level 3. HP: 27/27 MP: 3/3
  1273 | D:2      | Noticed Robin
  1509 | D:1      | HP: 1/28 [goblin[Robin] (4)]
  1510 | D:1      | Slain by a goblin

Illustrated notes

Levels and vault maps discovered:
D:1:      lemuel_arrival_behind_the_door_large, layout_basic
D:2:      layout_basic, grunt_gozag_statues, minmay_misc_feat_enclosed,
          minmay_tetromino_o2, uniq_robin

Action                   || total
-------------------------++-------
Melee: Dagger            ||    51
Throw: Dart              ||    38
  Use: Scroll            ||     2
       Potion            ||     1
 Stab: Sleeping          ||     6
Armor: Robe              ||     7
Dodge: Dodged            ||    26
